 Dungeon Crawl Stone Soup version 0.28.0-45-g0d030f2227 (webtiles) character file.

Game seed: 567553500602188937

17 issech the Cudgeller (level 2, 0/29 HPs)
             Began as a Troll Monk on Apr 24, 2022.
             Splashed by a jelly's acid (7 damage)
             ... on level 2 of the Dungeon.
             The game lasted 00:01:24 (577 turns).

issech the Cudgeller (Troll Monk)                    Turns: 577, Time: 00:01:25

Health: 0/29       AC: -8    Str: 18    XL:     2   Next: 44%
Magic:  1/1        EV: 10    Int:  6    God:
Gold:   43         SH:  0    Dex: 12    Spells: 1/1 levels left

rFire   . . .      SeeInvis .   g - +2 short sword (holy)
rCold   . . .      Faith    .   (no shield)
rNeg    . . .      Spirit   .   b - +0 robe
rPois   .          Reflect  .   (helmet restricted)
rElec   .          Harm     .   (no cloak)
rCorr   .          Rampage  .   (gloves unavailable)
Will    .....                   (boots unavailable)
Stlth   ++........              (no amulet)
HPRegen 0.89/turn               (no ring)
MPRegen 0.07/turn               (no ring)

@: corroded
A: large, unfitting armour, claws 3, regeneration 1, shaggy fur 1, tough skin 1
a: no special abilities


You were on level 2 of the Dungeon.
You visited 1 branch of the dungeon, and saw 2 of its levels.

You collected 43 gold pieces.

Inventory:

Hand Weapons
 a - a +0 mace
 g - a +2 short sword of holy wrath (weapon)
Missiles
 d - 17 bolts
 f - 34 stones (quivered)
 k - 22 arrows
Armour
 b - a +0 robe (worn)
Scrolls
 c - a scroll of amnesia {unknown}
Potions
 e - a potion of brilliance {unknown}
 h - a potion of heal wounds {unknown}
 i - a potion of invisibility {unknown}
 j - a potion of might {unknown}


   Skills:
 + Level 2.6 Fighting
 + Level 2.9 Maces & Flails
 + Level 2.7 Dodging
 + Level 1.0 Stealth


You had one spell level left.
You didn't know any spells.
Your spell library was empty.

Dungeon Overview and Level Annotations

Branches:
Dungeon (2/15)

Altars:


Innate Abilities, Weirdness & Mutations

You are too large for most types of armour.
You have claws for hands.
Your natural rate of healing is unusually fast.
You are covered in fur. (AC +1)
You have tough skin. (AC +1)


Message History

You are no longer poisoned.
The adder bites you. The adder bites you but does no damage.
You barely miss the adder.
The adder is severely wounded.
The adder barely misses you.
You barely miss the adder.
The adder is severely wounded.
The adder bites you but does no damage. The adder completely misses you.
You hit the adder.
The adder is almost dead.
The adder bites you.
You miss the adder.
The adder is almost dead.
The adder barely misses you. The adder bites you but does no damage.
You puncture the adder!
You kill the adder!
You have reached level 2!
You see here an adder corpse.
A rat comes into view.
You hit the rat.
You kill the rat!
You see here a rat corpse.
A jelly comes into view.
A worm comes into view.
The jelly quivers.
The jelly hits you. The acid corrodes you!
You are splashed with acid!
The jelly barely misses you.
You hit the jelly but do no damage. The acid corrodes you!
Your claws burn!
The jelly hits you. The acid corrodes you!
You are splashed with acid.
You hit the jelly.
Your claws burn!
The jelly is moderately wounded.
The jelly barely misses you.
You hit the jelly. The acid corrodes you!
Your claws burn!
* * * LOW HITPOINT WARNING * * *
The jelly is moderately wounded.
The jelly barely misses you. The jelly hits you.
* * * LOW HITPOINT WARNING * * *
The acid corrodes you!
You are splashed with acid!
You die...

#. #.# #### .. ...#
#####. ##.# #...#.##
#.#########...#.w#
#.............##J####.#
#.....†...†....@......#
##............###.###.#
#............# #.#
##########...# #..
#...# ##.# ##### .# ..
#.


You could see a worm and a jelly.

Vanquished Creatures
  An adder (D:2)
  A ball python (D:1)
  2 endoplasms (D:1)
  A frilled lizard (D:1)
  2 kobolds (D:1)
  2 rats
9 creatures vanquished.

Notes
Turn   | Place    | Note
-------+----------+-------------------------------------------
     0 | D:1      | issech the Troll Monk began the quest for the Orb.
     0 | D:1      | Reached XP level 1. HP: 22/22 MP: 0/0
   560 | D:2      | Reached XP level 2. HP: 25/29 MP: 1/1
   577 | D:2      | Splashed by a jelly's acid

Illustrated notes

Levels and vault maps discovered:
D:1:      dpeg_arrival_boxorama, layout_rooms
D:2:      layout_basic, serial_shops, nicolae_shop_window_shopping, uniq_jessica

Action                   || total
-------------------------++-------
Melee: Short sword       ||    32
       Mace              ||     2
Armor: Robe              ||    10
Dodge: Dodged            ||    20
